 Dungeon Crawl Stone Soup version 0.32-a0-870-g877066f4b4 (webtiles) character file.

Game seed: 2657130809284933343

319 Snowmansir the Trooper (level 6, -9/56 HPs)
             Began as a Minotaur Berserker on Mar 29, 2024.
             Was a Follower of Wu Jian.
             Mangled by a polar bear (20 damage)
             ... created by the rage of Trog
             ... on level 4 of the Dungeon.
             The game lasted 00:36:52 (2803 turns).

Snowmansir the Trooper (Minotaur Berserker)         Turns: 2803, Time: 00:36:53

Health: -9/56      AC:  9    Str: 29    XL:     6   Next: 21%
Magic:  5/5        EV:  9    Int:  4    God:    Wu Jian [*.....]
Gold:   171        SH:  0    Dex: 10    Spells: 5/5 levels left

rFire   + . .        h - +0 mace
rCold   + . .        (no shield)
rNeg    . . .        n - +0 chain mail
rPois   .            (helmet restricted)
rElec   .            y - scarf {rC+ rF+}
rCorr   .            (no gloves)
SInv    .            (no boots)
Will    .....        E - amulet of magic regeneration Stlth
                     p - ring of flight
HPRegen 0.29/turn    D - +6 ring of strength
MPRegen 0.49/turn

%: no passive effects
@: flying
A: horns 2, retaliatory headbutt
a: Renounce Religion


You were on level 4 of the Dungeon.
You worshipped Wu Jian.
Wu Jian was aware of your devotion.
You visited 1 branch of the dungeon, and saw 4 of its levels.

You collected 171 gold pieces.

Inventory:

Hand Weapons
 a - a +0 spear
 c - a +0 hand axe
 d - a +0 whip
 e - a +0 hand axe
 h - a +0 mace (weapon)
 j - a +0 club
 m - a +0 whip
 t - a +0 dagger
 v - a +0 dagger
 G - a +0 dagger
 H - a +0 club
 I - a +0 dagger
 K - a +0 short sword
Missiles
 k - 17 stones (quivered)
 w - 6 poisoned darts
Armour
 b - a +0 animal skin
 f - a +0 ring mail
 n - a +0 chain mail (worn)
 u - a +0 ring mail
 y - a scarf of resistance (worn)
Magical Staves
 C - a staff of air
Jewellery
 i - a ring of ice
 p - a ring of flight (left hand)
 x - a ring of resist corrosion
 D - a +6 ring of strength (right hand)
 E - an amulet of magic regeneration (around neck)
Scrolls
 g - 2 scrolls of teleportation {unknown}
 l - 2 scrolls of noise {unknown}
 o - 4 scrolls of identify {unknown}
 A - 2 scrolls of blinking {unknown}
 B - a scroll of vulnerability {unknown}
Potions
 q - a potion of enlightenment {unknown}
 r - a potion of cancellation {unknown}
 s - 2 potions of heal wounds {unknown}
 z - a potion of haste {unknown}
 F - a potion of mutation {unknown}
 J - a potion of might {unknown}


   Skills:
 + Level 5.0 Fighting
 + Level 4.3 Maces & Flails
 + Level 4.3 Polearms
 + Level 4.5 Armour
 + Level 2.8 Dodging


You had 5 spell levels left.
You didn't know any spells.
Your spell library contained the following spells:

 Spells                   Type           Power      Damage    Failure   Level
 Shock                    Conj/Air       0%         1d3       93%         1
 Swiftness                Air            0%         N/A       100%        3
 Airstrike                Air            0%         2d(0-16)  100%        4


Dungeon Overview and Level Annotations

Branches:
Dungeon (4/15)
 Temple: D:4-7

Altars:
Wu Jian

Shops:
D:2 *


Innate Abilities, Weirdness & Mutations

You have a pair of horns on your head.
You reflexively headbutt those who attack you in melee.


Message History

A kobold comes into view. It is wielding a +0 short sword.
The kobold throws a stone.
The stone closely misses you.
The kobold throws a stone.
The stone hits you but does no damage.
You see here 4 stones.
The kobold throws a stone.
The stone hits you but does no damage.
You hit the kobold but do no damage. You headbutt the kobold.
You kill the kobold!
The Council accepts your kill.
k - 13 stones (gained 1)
Things that are here:
a +0 short sword; a kobold corpse
K - a +0 short sword
k - 17 stones (gained 4)
There are no items here.
There are no items here.
An adder comes into view.
The adder hisses angrily.
You closely miss the adder. The adder bites you but does no damage.
You hit the adder.
The adder is heavily wounded.
The adder barely misses you. You furiously retaliate!
You headbutt the adder!
You kill the adder!
The Council accepts your kill.
You see here an adder corpse.
Trog sends monsters to punish you. 4 polar bears and a black bear come into view.
You spin and attack the polar bear.
You completely miss the polar bear. The polar bear bites you!!
The polar bear closely misses you. The polar bear barely misses you.
The polar bear rages.
The polar bear bites you.
* * * LOW HITPOINT WARNING * * *
The polar bear claws you but does no damage.
The polar bear misses you. The black bear bites you.
* * * LOW HITPOINT WARNING * * *
The black bear claws you but does no damage. x2
You spin and attack the polar bear.
You hit the polar bear.
The polar bear is lightly wounded.
The polar bear bites you!!
You die...

######## .......#
############
.......###..........##
.......##............##
##....##..............#
###.†.##.......†......#
..##...#........@.....#
#.##..........hhh.....#
#.#####.........h.....#
#.## #.........h....##
#..#####..†..........#
##.#......######.###.#
.....####.# #... ..#
###..# #....# ###.# ..#
.........##...# .# .#


You could see 4 polar bears and a black bear (berserk).

Vanquished Creatures
  A phantom (D:4)
  A bombardier beetle (D:4)
  A hound (D:4)
  12 adders
  2 dart slugs
  A ribbon worm (D:2)
  3 bats
  11 endoplasms
  5 giant cockroaches
  6 hobgoblins
  4 jackals (D:4)
  4 kobolds
  3 quokkas
  6 ball pythons
  A frilled lizard (D:2)
  3 goblins
  5 rats
69 creatures vanquished.

Notes
Turn   | Place    | Note
-------+----------+-------------------------------------------
     0 | D:1      | Snowmansir the Minotaur Berserker began the quest for the
                  | Orb.
     0 | D:1      | Reached XP level 1. HP: 19/19 MP: 0/0
   255 | D:1      | Reached XP level 2. HP: 23/27 MP: 1/1
   356 | D:1      | Reached skill level 4 in Fighting
   778 | D:1      | Reached XP level 3. HP: 33/34 MP: 2/2
  1014 | D:2      | Reached ** piety under Trog
  1153 | D:2      | Reached XP level 4. HP: 41/41 MP: 3/3
  1283 | D:2      | Found Zuucum's General Store.
  1504 | D:3      | Reached skill level 1 in Maces & Flails
  1768 | D:3      | Found a faded altar of an unknown god.
  2352 | D:3      | Prayed at the altar of an unknown god.
  2352 | D:3      | Fell from the grace of Trog
  2352 | D:3      | Became a worshipper of the Wu Jian Council
  2352 | D:3      | Reached * piety under Wu Jian
  2632 | D:4      | Reached XP level 5. HP: 47/47 MP: 4/4
  2691 | D:4      | Noticed a phantom
  2724 | D:4      | Killed a phantom
  2725 | D:4      | Reached skill level 5 in Fighting
  2725 | D:4      | Reached XP level 6. HP: 21/56 MP: 5/5
  2800 | D:4      | Noticed a polar bear
  2800 | D:4      | Noticed a polar bear
  2800 | D:4      | Noticed a polar bear
  2800 | D:4      | Noticed a polar bear
  2803 | D:4      | Mangled by a polar bear

Illustrated notes

Levels and vault maps discovered:
D:1:      roadster_arrival_rocket_small, layout_loops_ring, serial_bayou_pond_d
D:2:      layout_rooms, serial_shops, shop
D:3:      layout_loops_corners, dreamdust_ecumenical_altar_grove,
          amethyst_killhole, minmay_fountain_box, eino_tiny_chamber
D:4:      layout_rooms, mainiacjoe_overflow_surrounded_room

Skill      XL: |  1  2  3  4  5 |
---------------+----------------+-----
Polearms       | 4 |  4.3
Fighting       | 4 5 |  5.0
Armour         | 3 4 |  4.5
Maces & Flails | 2 4 |  4.3
Dodging        | |  2.8

Action                     |  1- 3 |  4- 6 || total
---------------------------+-------+-------++-------
  Melee: Spear             |    95 |       ||    95
         Headbutt          |    45 |     8 ||    53
         Hand axe          |    25 |       ||    25
         Mace              |    40 |    79 ||   119
 Invoke: Berserk           |     2 |       ||     2
Ability: Lunge             |       |     2 ||     2
         Whirlwind         |       |     2 ||     2
 Armour: Animal skin       |     5 |       ||     5
         Chain mail        |    49 |    78 ||   127
         Ring mail         |     6 |       ||     6
  Dodge: Dodged            |    41 |    53 ||    94

Table legend: (Time is in decaauts)
 A = Elapsed time spent in this place.
 B = Non-inter-level travel time spent in this place.
 C = Inter-level travel time spent in this place.
 D = Time resting spent in this place.
 E = Time spent auto-exploring this place.
 F = Levels seen in this place.
 G = Mean time per level.
                   A        B        C        D        E       F      G
               +--------+--------+--------+--------+--------+-----+--------+
         Total |   2857 |    962 |   1895 |      0 |    348 |   4 |  714.2 |
       Dungeon |   2857 |    962 |   1895 |      0 |    348 |   4 |  714.2 |
               +--------+--------+--------+--------+--------+-----+--------+

Top non-repeatable levels by time:
     D:3: 1153 daAuts
     D:1: 982 daAuts
     D:2: 538 daAuts
     D:4: 182 daAuts
